 Dungeon Crawl Stone Soup version 0.18.1-8-gdd0e5ea (webtiles) character file.

143 mrath the Digger (level 5, -9/28 HPs)
             Began as a Gargoyle Earth Elementalist on May 28, 2016.
             Killed from afar by an orc wizard (11 damage)
             ... with a puff of flame
             ... on level 1 of the Dungeon.
             The game lasted 00:16:24 (2777 turns).

mrath the Digger (Gargoyle Earth Elementalist)      Turns: 2777, Time: 00:16:25

Health: -9/28      AC:  6    Str: 12    XL:     5   Next: 25%
Magic:  10/10      EV: 12    Int: 16    God:
Gold:   146        SH:  0    Dex: 10    Spells: 2 memorised, 7 levels left

rFire  . . .     SeeInvis .     b - 13 stones
rCold  . . .     Gourm    .     a - +0 robe
rNeg   + . .     Faith    .     (no shield)
rPois  ∞         Spirit   .     (no helmet)
rElec  +         Dismiss  .     (no cloak)
rCorr  .         Reflect  .     (no gloves)
SustAt .         Harm     .     (no boots)
MR     .....                    (no amulet)
Stlth  +.........               (no ring)
                                (no ring)

@: confused, not resistant to hostile enchantments, very unstealthy
A: negative energy resistance 1, electricity resistance, unbreathing,
petrification resistance, rot immunity, AC +4
a: no special abilities


You were on level 1 of the Dungeon.
You were not hungry.

You visited 1 branch of the dungeon, and saw 3 of its levels.

You collected 146 gold pieces.

Inventory:

Hand Weapons
 e - a +0 hunting sling
 l - a +0 short sword
Missiles
 b - 13 stones (in hand)
Armour
 a - a +0 robe (worn)
Scrolls
 f - 7 scrolls of identify {unknown}
 g - a scroll of magic mapping {unknown}
 k - a scroll of immolation {unknown}
 m - a scroll of remove curse {unknown}
 p - a scroll of recharging {unknown}
 q - a scroll of enchant weapon {unknown}
 s - a scroll of fog {unknown}
Potions
 h - a potion of berserk rage {unknown}
 i - 2 potions of curing {unknown}
 j - 2 potions of haste {unknown}
Books
 c - a book of Geomancy

   Spells                             Type                      Level
   a - Sandblast                      Earth                        1
   b - Passwall                       Transmutation/Earth          2
   c - Stone Arrow                    Conjuration/Earth            3
   d - Petrify                        Transmutation/Earth          4
   e - Lee's Rapid Deconstruction     Earth                        5
Comestibles
 d - 3 bread rations
 n - 2 beef jerkies
 o - 3 meat rations
 r - 2 chunks of flesh


   Skills:
 - Level 1.5 Dodging
 - Level 2.1 Stealth
 * Level 3.8 Spellcasting
 + Level 1.5 Conjurations
   Level 0.7 Transmutations
 + Level 4.8 Earth Magic


You had 7 spell levels left.
You knew the following spells:

 Your Spells              Type           Power        Failure   Level  Hunger
a - Sandblast             Erth           ###...       2%          1    None
b - Stone Arrow           Conj/Erth      ##....       14%         3    ###....


Dungeon Overview and Level Annotations

Branches:
Dungeon (3/15)

Altars:

Annotations:
D:2 Sigmund


Innate Abilities, Weirdness & Mutations

You are resistant to torment.
Your stone body is resilient (AC +4).
You are immune to poison.
You resist negative energy.
You are resistant to electric shocks.
You can survive without breathing.
You are immune to petrification.
You are immune to rotting.


Message History

You are confused.
You're too confused to cast spells.
Unknown command.
Unknown command.
You're too confused to cast spells.
Unknown command.
Unknown command.
The orc wizard gestures at you while chanting.
You are more confused.
You bump into the rock wall.
You bump into the rock wall.
The orc wizard hits you with a dagger.
* * * LOW HITPOINT WARNING * * *
The orc wizard gestures at you while chanting.
You are more confused.
You bump into the rock wall.
The orc wizard closely misses you.
You bump into the rock wall.
The orc wizard closely misses you.
You bump into the rock wall.
The orc wizard casts a spell at you. The puff of flame hits you!
You die...

.###### #.# ######
#.#.# ......####.#
#.#.# ...........#
##.#.## ...##.######
##..#P.. ...##.#
##..[#≈P.
...##.########
#....#≈≈P
..##........>#
##...#≈≈≈
.###..######.#######
##..#≈≈≈
............#...@o.#
##.#≈≈≈
.......#####.#####.#
####.#≈≈≈ ######.# #.#
#.# #....#≈≈≈ #.# #.#
#.#### #.####≈≈P # #.#
#.#####.##o###.# #≈P.
# #.# #....##.#.#.##.#
#P.. # #.#
###.#.#..###{#.####.##
######.######.###..##
##.......#
.......##....##
##..###.#.######


You could see an orc wizard.

Vanquished Creatures
  Natasha (D:2)
  6 adders
  An ooze (D:1)
  2 worms (D:2)
  3 giant geckos
  2 giant cockroaches
  4 goblins
  7 hobgoblins
  7 jackals
  A quokka (D:1)
  6 bats
  3 giant newts
  6 kobolds
  6 rats
55 creatures vanquished.

Notes
Turn   | Place    | Note
--------------------------------------------------------------
     0 | D:1      | mrath the Gargoyle Earth Elementalist began the quest for the Orb.
     0 | D:1      | Reached XP level 1. HP: 10/10 MP: 3/3
   438 | D:1      | Reached XP level 2. HP: 15/15 MP: 0/5
   517 | D:1      | Reached skill level 4 in Earth Magic
  1108 | D:2      | Reached XP level 3. HP: 11/19 MP: 7/7
  1531 | D:2      | Reached XP level 4. HP: 24/24 MP: 7/9
  1572 | D:2      | Learned a level 3 spell: Stone Arrow
  1585 | D:2      | Noticed Sigmund
  2146 | D:2      | Reached skill level 1 in Conjurations
  2436 | D:2      | Reached XP level 5. HP: 28/28 MP: 7/10
  2471 | D:2      | Noticed Natasha
  2479 | D:2      | Killed Natasha
  2757 | D:1      | HP: 1/28 [something/magic dart (3)]
  2772 | D:1      | HP: 1/28 [orc wizard/dagger (1)]
  2777 | D:1      | Killed from afar by an orc wizard

Skill      XL: |  1  2  3  4 |
---------------+-------------+-----
Earth Magic    | 4 |  4.8
Spellcasting   | 3 |  3.8
Conjurations   | 1 |  1.5
Dodging        | |  1.5
Stealth        | |  2.1
Transmutations | |  0.7

Action                   |  1- 3 |  4- 6 || total
-------------------------+-------+-------++-------
Melee: Dagger            |    15 |       ||    15
       Short sword       |    38 |    42 ||    80
 Cast: Sandblast         |    40 |    46 ||    86
 Stab: Sleeping          |     2 |       ||     2
  Eat: Chunk             |     2 |     4 ||     6
Armor: Robe              |    17 |    41 ||    58
Dodge: Dodged            |    45 |    60 ||   105
